 Dungeon Crawl Stone Soup version 0.31.0-11-ge490571c62 (webtiles) character file.

Game seed: 5525369725070596100

10476 Xavori the Carver (level 11, -7/79 HPs)
             Began as a Djinni Chaos Knight on Jan 28, 2024.
             Was a Plaything of Xom.
             Mangled by a basilisk (8 damage)
             ... summoned by Xom
             ... while petrified by a basilisk
             ... on level 1 of the Lair of Beasts.
             The game lasted 00:12:29 (12985 turns).

Xavori the Carver (Djinni Chaos Knight)            Turns: 12985, Time: 00:12:29

Health: -7/79      AC: 15    Str: 11      XL:     11   Next: 93%
Gold:   529        EV:  2    Int: 14      God:    Xom [......] SH:  0 Dex: 16 (17)

rFire   + + .        t - +3 falchion
rCold   x . .        i - +0 buckler
rNeg    + + +        p - +0 swamp dragon scales
rPois   ∞            (helmet restricted)
rElec   .            n - +0 cloak {Stlth+}
rCorr   .            k - +2 pair of gloves {Stlth+}
SInv    .            (boots unavailable)
Will    ++...        (no amulet)
Stlth   +++          j - +4 ring of slaying
HPRegen 0.33/turn    y - ring of positive energy
MPRegen 0.00/turn

%: clarity, infuse magic (-8 HP)
@: petrified, flying
A: sickness immunity, fire resistance 2, cold vulnerability 1, float, innate
caster, HP casting, extra vitality 1, horns 2, clarity, strong-willed 1, sense
surroundings 1, shaggy fur 2, sturdy frame 1, noise suppression
a: Renounce Religion


You were on level 1 of the Lair of Beasts.
You worshipped Xom.
You were a very special plaything of Xom.
You visited 2 branches of the dungeon, and saw 12 of its levels.

You collected 731 gold pieces.
You spent 202 gold pieces at shops.

Inventory:

Hand Weapons
 a - a +0 falchion of chaos
 t - a +3 falchion (weapon)
Armour
 b - a +2 leather armour
 i - a +0 buckler (worn)
 k - a +2 pair of gloves of stealth (worn)
 n - a +0 cloak of stealth (worn)
 p - +0 swamp dragon scales (worn)
Jewellery
 j - a +4 ring of slaying (left hand)
 y - a ring of positive energy (right hand)
 C - a ring of see invisible
Wands
 o - a wand of roots (20)
 s - a wand of paralysis (18)
 v - a wand of digging (4)
Scrolls
 c - a scroll of butterflies
 d - 3 scrolls of poison
 e - 6 scrolls of enchant armour
 f - 3 scrolls of teleportation
 g - 5 scrolls of enchant weapon
 l - a scroll of amnesia {unknown}
 m - 3 scrolls of revelation
 q - 3 scrolls of fear
 r - 3 scrolls of immolation
 z - a scroll of identify
 B - a scroll of blinking {unknown}
Potions
 h - 2 potions of berserk rage {unknown}
 u - a potion of curing
 w - 2 potions of haste {unknown}
 x - a potion of mutation {unknown}
 A - a potion of enlightenment {unknown}


   Skills:
 + Level 7.0 Fighting
 + Level 9.8 Long Blades
 + Level 6.2 Armour
 + Level 7.5 Dodging
 * Level 7.7 Shields
 * Level 4.8 Spellcasting
 * Level 4.8 Conjurations
 * Level 4.8 Hexes
 * Level 4.8 Summonings
 * Level 4.8 Necromancy
 * Level 4.8 Translocations
 * Level 4.8 Fire Magic
 * Level 4.8 Ice Magic
 * Level 4.8 Air Magic
 * Level 4.8 Earth Magic
 * Level 4.8 Alchemy


You knew the following spells:

 Your Spells              Type           Power      Damage    Failure   Level
a - Sandblast             Erth           34%        2d9       4%          1
b - Mercury Vapours       Alch/Air       34%        N/A       7%          2
c - Fugue of the Fallen   Necr           17%        N/A       14%         3
d - Animate Armour        Summ/Erth      34%        N/A       43%         4
e - Curse of Agony        Necr           17%        N/A       78%         5
Your spell library was empty.

Dungeon Overview and Level Annotations

Branches:
Dungeon (11/15)            Temple (0/1) D:5            Lair (1/5) D:9
    Orc (0/2) D:11

Altars:
Ashenzari
Hepliaklqana
Nemelex Xobeh
Ru
Trog
Uskayaw
Xom
Yredelemnul

Shops:
D:5 [

Annotations:
D:8 2 runed translucent doors, Persephone's ghost, novice GrFi
D:9 3 runed translucent doors


Innate Abilities, Weirdness & Mutations

You are immune to sickness and miasma.
You are immune to poison.
Your flesh is very heat resistant. (rF++)
You are vulnerable to cold. (rC-)
You float through the air rather than walking.
You learn spells naturally, not from books.
Your magical power is your life essence.
You have superior vitality. (+4 MHP)
You have a pair of horns on your head.
You possess an exceptional clarity of mind.
You are strong-willed. (Will+)
You passively map a small area around you.
You are covered in thick fur. (AC +2)
Your movements are slightly less encumbered by armour. (ER -2)
You passively dampen the noise of your surroundings.


Message History

You block the blink frog's attack.
The blink frog blinks!
You hear Xom's avuncular chuckle.
The basilisk seems to grow stronger.
The blink frog barely misses you. The blink frog completely misses you.
You block the blink frog's attack.
Your limbs are stiffening.
The blink frog hits you. You block the blink frog's attack. x2
You have turned to stone.
The blink frog hits you but does no damage.
The blink frog completely misses you.
The blink frog blinks!
The blink frog hits you. The basilisk bites you!! The blink frog hits you!
The blink frog blinks!
The blink frog hits you.
The basilisk bites you but does no damage.
The blink frog hits you but does no damage.
The blink frog hits you. The blink frog hits you!
The blink frog blinks!
The blink frog hits you but does no damage. x2
The basilisk bites you but does no damage.
The blink frog hits you!
* * * LOW HITPOINT WARNING * * *
The blink frog hits you but does no damage.
The basilisk barely misses you. The blink frog hits you!
* * * LOW HITPOINT WARNING * * *
The blink frog blinks!
The blink frog hits you!
* * * LOW HITPOINT WARNING * * *
The blink frog blinks! x2
The blink frog hits you but does no damage.
The basilisk bites you but does no damage.
The blink frog blinks!
The blink frog hits you but does no damage.
The blink frog blinks!
The basilisk bites you but does no damage.
The blink frog hits you!
* * * LOW HITPOINT WARNING * * *
The blink frog hits you.
* * * LOW HITPOINT WARNING * * *
The blink frog hits you.
* * * LOW HITPOINT WARNING * * *
The basilisk bites you!
You die...
Xom is highly amused!

, ..........# . *
..........# ##.. .#
,
....F.....##..##..#*
.........##8..8#...
,.........#........#
........§...>...., *
.........##8..8# .#
,.......lF###..##..#
,.......F@.........#
,
.P####.#F....†....#
, .. ###.####.#...#
, #.# ## ..# , *
#.#* . , , ... * ,,
,... ,,* * * *##.. ,
,, * .... , , *


You could see a basilisk (summoned, strong) and 4 blink frogs.

Vanquished Creatures
  A boulder beetle (D:11)
  2 two-headed ogres (D:11)
  An ugly thing (D:11)
  Maggie (D:6)
  2 kobold demonologists (D:9)
  Psyche (D:8)
  A troll (D:9)
  2 hornets
  4 shadows (D:10)
  2 wraiths
  8 yaks
  2 wyverns
  A golden eye (shapeshifter) (D:10)
  An acid dragon (D:9)
  A water moccasin (Lair:1)
  2 sky beasts
  A black bear (D:5)
  4 orc warriors
  5 wolves (D:9)
  An ogre (D:5)
  3 centaurs
  2 kobold brigands
  3 scorpions
  5 bullfrogs
  7 wights
  5 killer bees
  2 electric eels (D:9)
  3 howler monkeys
  A lava snake (D:10)
  5 orc priests
  A bombardier beetle (D:4)
  A hound (D:9)
  A jelly (D:7)
  A sleepcap (D:5)
  4 iguanas
  Jessica (D:2)
  9 orc wizards
  4 adders
  16 gnolls
  2 white imps
  4 dart slugs
  2 ribbon worms
  36 orcs
  6 ball pythons
  15 endoplasms
  7 giant cockroaches
  3 goblins
  4 hobgoblins
  2 quokkas (D:3)
  10 bats
  3 frilled lizards
  15 kobolds
  A rat (D:1)
227 creatures vanquished.

Vanquished Creatures (collateral kills)
  A shadow (D:8)
  A steam dragon (D:8)
  A kobold brigand (D:9)
  An orc (D:7)
  4 kobolds (D:9)
8 creatures vanquished.

Vanquished Creatures (others)
  A gnoll bouda (D:6)
  2 gnolls (D:6)
3 creatures vanquished.

Grand Total: 238 creatures vanquished

Notes
Turn   | Place    | Note
-------+----------+-------------------------------------------
     0 | D:1      | Xavori the Djinni Chaos Knight began the quest for the Orb.
     0 | D:1      | Reached XP level 1. HP: 20/20 MP: 0/0
    30 | D:1      | XOM: silly message
   117 | D:1      | Reached XP level 2. HP: 25/25 MP: 0/0
   208 | D:1      | Reached skill level 3 in Long Blades
   283 | D:1      | Reached XP level 3. HP: 29/30 MP: 0/0
   283 | D:1      | Learned a level 1 spell: Sandblast
   289 | D:1      | XOM: divination: detect creatures
   954 | D:2      | XOM: stat loss: -1 Dex (13/14)
   956 | D:2      | XOM: butterfly on damage
  1128 | D:1      | Reached XP level 4. HP: 35/35 MP: 0/0
  1417 | D:1      | XOM: draining
  2584 | D:1      | XOM: divination: detect items
  2640 | D:1      | XOM: scenery: create altars
  2915 | D:1      | XOM: give mutations
  2915 | D:1      | Gained mutation: You possess an exceptional clarity of
                  | mind. [Xom's grace]
  2915 | D:1      | Gained mutation: You have a pair of small horns on your
                  | head. [Xom's grace]
  2915 | D:1      | Gained mutation: Your muscles are strong. (Str +4, Int/Dex
                  | -1) [Xom's grace]
  2915 | D:1      | Gained mutation: You are somewhat resistant to further
                  | mutation. [Xom's grace]
  3543 | D:1      | XOM: god gift: scroll labelled PATIYG VOCLYNU {god gift}
  3574 | D:1      | XOM: cloud trail
  3836 | D:1      | XOM: scenery: create altars
  3866 | D:1      | XOM: torment (16/29 hp)
  3975 | D:1      | XOM: give mutations
  3975 | D:1      | Lost mutation: You are somewhat resistant to further
                  | mutation. [Xom's grace]
  3975 | D:1      | Gained mutation: You have hidden genetic potential. [Xom's
                  | grace]
  3975 | D:1      | Gained mutation: You are robust. (+10% HP) [Xom's grace]
  3975 | D:1      | Gained mutation: Your mind is acute. (Int +4, Str/Dex -1)
                  | [Xom's grace]
  3975 | D:1      | Gained mutation: You have a pair of horns on your head.
                  | [Xom's grace]
  4005 | D:2      | Noticed Jessica
  4009 | D:2      | Killed Jessica
  4010 | D:2      | Reached XP level 5. HP: 37/40 MP: 0/0
  4010 | D:2      | Learned a level 2 spell: Mercury Vapours
  4368 | D:3      | XOM: noise
  4909 | D:3      | Reached skill level 1 in Spellcasting
  4909 | D:3      | Reached skill level 1 in Conjurations
  4909 | D:3      | Reached skill level 1 in Hexes
  4909 | D:3      | Reached skill level 1 in Summonings
  4909 | D:3      | Reached skill level 1 in Necromancy
  4909 | D:3      | Reached skill level 1 in Translocations
  4909 | D:3      | Reached skill level 1 in Fire Magic
  4909 | D:3      | Reached skill level 1 in Ice Magic
  4909 | D:3      | Reached skill level 1 in Air Magic
  4909 | D:3      | Reached skill level 1 in Earth Magic
  4909 | D:3      | Reached skill level 1 in Alchemy
  4927 | D:3      | Gained mutation: You passively map a small area around you.
                  | [hidden potential]
  4936 | D:3      | Reached skill level 1 in Shields
  5313 | D:4      | Reached XP level 6. HP: 50/50 MP: 0/0
  5460 | D:4      | Gained mutation: You are covered in fur. (AC +1) [hidden
                  | potential]
  5460 | D:4      | Lost mutation: You have hidden genetic potential. [hidden
                  | potential expressed]
  5591 | D:4      | XOM: blink monster(s)
  5598 | D:4      | XOM: noise
  5599 | D:4      | Reached skill level 4 in Long Blades
  5603 | D:4      | XOM: noise
  5607 | D:4      | HP: 1/51 [gnoll/+0 halberd (5)]
  5611 | D:4      | XOM: blink monster(s)
  5618 | D:4      | XOM: swap monsters
  5761 | D:4      | XOM: 1-stop teleportation journey
  5842 | D:4      | Noticed a sky beast
  5847 | D:4      | Killed a sky beast
  5848 | D:4      | Reached XP level 7. HP: 53/56 MP: 0/0
  5848 | D:4      | Learned a level 3 spell: Fugue of the Fallen
  6246 | D:5      | Entered Level 5 of the Dungeon
  6319 | D:5      | XOM: summons 2 hostile shadow creatures
  6324 | D:5      | XOM: butterfly on damage
  6761 | D:5      | Found a staircase to the Ecumenical Temple.
  6877 | D:5      | Found Jyczadomp's Antique Armour Emporium.
  6888 | D:5      | Bought an embroidered cloak for 202 gold pieces
  7107 | D:5      | XOM: summons 3 hostile demons
  7417 | D:5      | Reached XP level 8. HP: 63/63 MP: 0/0
  7629 | D:5      | XOM: give mutations
  7629 | D:5      | Lost mutation: You are robust. (+10% HP) [Xom's mischief]
  7629 | D:5      | Gained mutation: You passively dampen the noise of your
                  | surroundings. [Xom's mischief]
  7629 | D:5      | Lost mutation: Your mind is acute. (Int +4, Str/Dex -1)
                  | [Xom's mischief]
  7629 | D:5      | Lost mutation: Your muscles are strong. (Str +4, Int/Dex
                  | -1) [Xom's mischief]
  7716 | D:5      | Reached skill level 5 in Long Blades
  7717 | D:6      | XOM: chaos upgrade
  7815 | D:6      | Noticed Sigmund
  7823 | D:6      | Sigmund changed into Sigmund the killer bee
  7823 | D:6      | Noticed Sigmund
  7823 | D:6      | Killed Sigmund the killer bee
  7856 | D:6      | XOM: scenery: create altars
  8146 | D:6      | XOM: 3-stop teleportation journey
  8161 | D:6      | Noticed Maggie
  8283 | D:6      | XOM: destruction
  8293 | D:6      | XOM: cleaving
  8302 | D:6      | Killed Maggie
  8506 | D:6      | XOM: god gift: 3 scrolls of fear
  8601 | D:6      | XOM: scenery: create altars
  8715 | D:7      | Reached skill level 6 in Long Blades
  8715 | D:7      | Reached XP level 9. HP: 54/63 MP: 0/0
  8715 | D:7      | Learned a level 4 spell: Animate Armour
  8750 | D:7      | XOM: scenery: 1 doors open
  8758 | D:7      | Reached skill level 5 in Fighting
  8850 | D:7      | XOM: cast spell 'Summon Horrible Things'
  9111 | D:7      | Reached skill level 5 in Dodging
  9145 | D:7      | XOM: scenery: summon butterflies
  9225 | D:7      | Identified the +0 ring mail of the Northern Lights {Str+3}
  9481 | D:8      | Noticed Psyche
  9486 | D:8      | Found a hide-covered altar of Uskayaw.
  9492 | D:8      | Killed Psyche
  9492 | D:8      | XOM: cast spell 'Summon Mana Viper'
  9493 | D:8      | Reached skill level 7 in Long Blades
  9493 | D:8      | Reached skill level 5 in Shields
  9496 | D:8      | Reached XP level 10. HP: 67/70 MP: 0/0
  9816 | D:8      | Found a large runed translucent door.
  9816 | D:8      | Found a large runed translucent door.
  9818 | D:8      | Noticed Persephone's ghost (novice GrFi)
  9863 | D:8      | XOM: scenery: summon butterflies
 10021 | D:9      | Found a runed translucent gate.
 10021 | D:9      | Found a runed translucent gate.
 10023 | D:9      | Found a runed translucent gate.
 10023 | D:9      | Noticed a brown ugly thing
 10039 | D:9      | Noticed a red ugly thing
 10040 | D:9      | Noticed a purple ugly thing
 10040 | D:9      | Noticed a green ugly thing
 10041 | D:9      | Noticed a green ugly thing
 10206 | D:9      | XOM: silly message
 10228 | D:9      | Reached skill level 5 in Armour
 10297 | D:9      | XOM: noise
 10314 | D:9      | XOM: summons 6 hostile demons
 10322 | D:9      | XOM: summons 5 friendly demons
 10331 | D:9      | Reached skill level 8 in Long Blades
 10386 | D:9      | XOM: scenery: 1 doors open
 10398 | D:9      | Found a staircase to the Lair.
 10477 | D:9      | XOM: give mutations
 10477 | D:9      | Gained mutation: Your movements are slightly less
                  | encumbered by armour. (ER -2) [Xom's grace]
 10477 | D:9      | Gained mutation: You are covered in thick fur. (AC +2)
                  | [Xom's grace]
 10477 | D:9      | Gained mutation: You are strong-willed. (Will+) [Xom's
                  | grace]
 10639 | D:9      | Noticed a kobold demonologist
 10666 | D:9      | Noticed a kobold demonologist
 10677 | D:9      | Noticed an ice devil
 10678 | D:9      | Killed a kobold demonologist
 10684 | D:9      | Killed a kobold demonologist
 10896 | D:9      | XOM: scenery: 1 doors close
 11100 | D:10     | Entered Level 10 of the Dungeon
 11124 | D:10     | Reached XP level 11. HP: 63/76 MP: 0/0
 11124 | D:10     | Learned a level 5 spell: Curse of Agony
 11138 | D:10     | XOM: summons 7 friendly demons
 11191 | D:10     | Found a sacrificial altar of Ru.
 11192 | D:10     | Found a sparkling altar of Nemelex Xobeh.
 11212 | D:10     | XOM: noise
 11218 | D:10     | a yak changed into a glowing shapeshifter
 11218 | D:10     | Noticed a glowing shapeshifter (glowing shapeshifter)
 11218 | D:10     | XOM: polymorph yak -> glowing shapeshifter
 11218 | D:10     | a glowing shapeshifter changed into a tarantella
 11221 | D:10     | a tarantella changed into an entropy weaver
 11221 | D:10     | Noticed an entropy weaver (glowing shapeshifter)
 11229 | D:10     | XOM: noise
 11229 | D:10     | an entropy weaver changed into a salamander
 11229 | D:10     | Noticed a salamander (glowing shapeshifter)
 11246 | D:10     | a salamander changed into a golden eye
 11258 | D:10     | Reached skill level 9 in Long Blades
 11446 | D:10     | Found a basalt altar of Yredelemnul.
 11458 | D:10     | Found a hazy altar of Hepliaklqana.
 11620 | D:10     | XOM: noise
 11681 | D:10     | Found a bloodstained altar of Trog.
 11690 | D:10     | Found a broken altar of Ashenzari.
 11828 | D:11     | Noticed a two-headed ogre
 11835 | D:11     | XOM: butterfly on damage
 11839 | D:11     | Killed a two-headed ogre
 12067 | D:11     | Identified the +2 chain mail of the Northern Lights {Harm
                  | Str+3 SInv}
 12087 | D:11     | Noticed a boulder beetle
 12091 | D:11     | Noticed a two-headed ogre
 12110 | D:11     | Killed a two-headed ogre
 12114 | D:11     | Killed a boulder beetle
 12200 | D:11     | Noticed a brown ugly thing
 12214 | D:11     | Killed a brown ugly thing
 12339 | D:11     | Identified the flux talisman of Incorporation {rPois Str+4
                  | Dex+7}
 12354 | D:11     | Found a staircase to the Orcish Mines.
 12508 | D:11     | XOM: noise
 12515 | D:11     | XOM: noise
 12575 | D:11     | XOM: summons 6 hostile demons
 12866 | Lair:1   | Entered Level 1 of the Lair of Beasts
 12962 | Lair:1   | XOM: summons 2 hostile shadow creatures
 12976 | Lair:1   | XOM: enchant monster (bad)
 12985 | Lair:1   | HP: 1/79 [blink frog (3)]
 12985 | Lair:1   | Mangled by a basilisk

Illustrated notes

Levels and vault maps discovered:
D:1:      zaba_arrival_water, layout_rooms
D:2:      cheibrodos_helix_gallery, layout_basic, uniq_jessica
D:3:      layout_basic
D:4:      layout_loops_corners, serial_rivers, chequers_serial_rivers_micro_b,
          chequers_serial_rivers_micro_e, chequers_serial_rivers_small_a,
          chequers_serial_rivers_marsh, chequers_serial_rivers_micro_e,
          serial_bayou_pond_d, grunt_decor_mini_mirrors
D:5:      layout_basic, minmay_temple_entry_antechambers, serial_shops, shop,
          dreamdust_mushroom_princess
D:6:      layout_cave_pods, uniq_maggie, uniq_sigmund
D:7:      layout_basic
D:8:      layout_loops_ring, amcnicky_altar_gilded, ebering_ghost_disaster_area,
          uniq_psyche
D:9:      layout_gridville, erik_lair_island,
          ploomutoo_gammafunk_ghost_potion_laboratory
D:10:     layout_cross, minitemple, nicolae_overflow_two_pavilions,
          mainiacjoe_overflow_catwalk_spiral
D:11:     layout_roguey, orc_0_dummy
Lair:1:   layout_small_grid, st_stairs_6, minmay_lair_oklob_bushes,
          chequers_serial_rivers_large_b

Skill      XL: |  1  2  3  4  5  6  7  8  9 10 11 |
---------------+----------------------------------+-----
Long Blades    | 3 4 6 7 8 9 |  9.8
Spellcasting   | 1 2 3 4 |  4.8
Conjurations   | 1 2 3 4 |  4.8
Hexes          | 1 2 3 4 |  4.8
Summonings     | 1 2 3 4 |  4.8
Necromancy     | 1 2 3 4 |  4.8
Translocations | 1 2 3 4 |  4.8
Fire Magic     | 1 2 3 4 |  4.8
Ice Magic      | 1 2 3 4 |  4.8
Air Magic      | 1 2 3 4 |  4.8
Earth Magic    | 1 2 3 4 |  4.8
Alchemy        | 1 2 3 4 |  4.8
Armour         | 2 3 4 5 6 |  6.2
Shields        | 1 2 4 5 6 7 |  7.7
Dodging        | 3 4 5 6 7 |  7.5
Fighting       | 4 5 6 7 |  7.0

Action                     |  1- 3 |  4- 6 |  7- 9 | 10-12 || total
---------------------------+-------+-------+-------+-------++-------
  Melee: Falchion          |    84 |   127 |   220 |   361 ||   792
         Punch             |     4 |       |       |       ||     4
         Headbutt          |       |    24 |    65 |    90 ||   179
   Cast: Mercury Vapours   |       |     4 |     5 |     8 ||    17
    Use: Scroll            |       |     4 |     2 |     1 ||     7
         Potion            |       |     4 |       |       ||     4
   Stab: Sleeping          |       |       |     9 |     9 ||    18
 Armour: Leather armour    |    50 |    61 |   100 |       ||   211
         Skin              |       |    26 |       |       ||    26
         Swamp dragon scal |       |       |    49 |   270 ||   319
  Dodge: Dodged            |    71 |    65 |   157 |   236 ||   529
  Block: Buckler           |       |    21 |    55 |   104 ||   180
